| TOP OF THE 1ST |
|
New Orleans Zephyrs batting - Pitching for Sacramento River Cats : RHP Tyler Smith
|
|
Pitching: RHP Tyler Smith
|
|
|
Pinch Hitting: RHB John Jackson
|
0-0: Foul Ball, location: 2F 0-1: Ball 1-1: Foul Ball, location: 2F 1-2: Foul Ball, location: 2F 1-2: Ground out 5-3 (Groundball, 5, EV 86.2 MPH)
|
|
Batting: SHB Ramon Martinez
|
0-0: Ball 1-0: Ball 2-0: Called Strike 2-1: Ball 3-1: Base on Balls
|
|
Batting: RHB Omar Contreras
|
0-0: Foul Ball, location: 2F 0-1: Swinging Strike 0-2: Ball 1-2: Ball 2-2: Strikes out swinging
|
|
Batting: RHB Alex Gomez
|
0-0: Called Strike 0-1: Ball 1-1: Ball 2-1: SINGLE (Groundball, 6D, EV 97.5 MPH) Ramon Martinez to second
|
|
Batting: RHB Jesus Castillo
|
0-0: Called Strike 0-1: Foul Ball, location: 2F 0-2: Ball 1-2: Foul Ball, location: 2F 1-2: SINGLE (Groundball, 6MD, EV 103.8 MPH) Ramon Martinez to third Alex Gomez to second Runner from 3rd tries for Home, SAFE, throw by CF to home
|
|
Batting: LHB Gustavo Patella
|
0-0: Called Strike 0-1: Ball 1-1: Ball 2-1: Ball 3-1: Foul Ball, location: 2F 3-2: Ground out 4-3 (Groundball, 4, EV 100.6 MPH)
|
| Top of the 1st over - 1 run, 2 hits, 0 errors, 2 left on base; New Orleans 1 - Sacramento 0 |
| BOTTOM OF THE 1ST |
|
Sacramento River Cats batting - Pitching for New Orleans Zephyrs : RHP Ray Duncan
|
|
Pitching: RHP Ray Duncan
|
|
|
Now at 2B: Humberto Oros
|
|
|
Now at 3B: Ramon Martinez
|
|
|
Now at SS: Kyle Ashton
|
|
|
Now in CF: John Jackson
|
|
|
Batting: SHB Danny Garcia
|
0-0: Ball 1-0: Swinging Strike 1-1: Swinging Strike 1-2: Ground out 2-3 (Groundball, 15S, EV 63.1 MPH)
|
|
Batting: RHB Hugo Zacarias
|
0-0: Called Strike 0-1: Ground out 3-1 (Groundball, 34S, EV 66.2 MPH)
|
|
Batting: RHB Jason Gress
|
0-0: Ball 1-0: Called Strike 1-1: Ball 2-1: Ground out 3-1 (Groundball, 34S, EV 88.8 MPH)
|
| Bottom of the 1st over - 0 runs, 0 hits, 0 errors, 0 left on base; New Orleans 1 - Sacramento 0 |
| TOP OF THE 2ND |
|
New Orleans Zephyrs batting - Pitching for Sacramento River Cats : RHP Tyler Smith
|
|
Batting: RHB Kyle Ashton
|
0-0: Fly out, F7 (Flyball, 7LM, EV 87.5 MPH)
|
|
Batting: RHB Katsutaka Inouye
|
0-0: Called Strike 0-1: Swinging Strike 0-2: Ball 1-2: Ball 2-2: Strikes out swinging
|
|
Batting: RHB Humberto Oros
|
0-0: Called Strike 0-1: Foul Ball, location: 2F 0-2: Strikes out swinging
|
| Top of the 2nd over - 0 runs, 0 hits, 0 errors, 0 left on base; New Orleans 1 - Sacramento 0 |
| BOTTOM OF THE 2ND |
|
Sacramento River Cats batting - Pitching for New Orleans Zephyrs : RHP Ray Duncan
|
|
Batting: RHB Nate Hodson
|
0-0: Ball 1-0: Ball 2-0: Called Strike 2-1: Ground out 5-3 (Groundball, 5, EV 82.5 MPH)
|
|
Batting: LHB Dave Talbert
|
0-0: Called Strike 0-1: Ball 1-1: Foul Ball, location: 2F 1-2: Foul Ball, location: 2F 1-2: Foul Ball, location: 2F 1-2: Ball 2-2: Strikes out swinging
|
|
Batting: LHB Juan Gonzalez
|
0-0: Fly out, F7 (Flyball, 78D, EV 94.4 MPH)
|
| Bottom of the 2nd over - 0 runs, 0 hits, 0 errors, 0 left on base; New Orleans 1 - Sacramento 0 |
| TOP OF THE 3RD |
|
New Orleans Zephyrs batting - Pitching for Sacramento River Cats : RHP Tyler Smith
|
|
Batting: RHB John Jackson
|
0-0: Foul Ball, location: 2F 0-1: Ball 1-1: Ball 2-1: Fly out, F4 (Popup, 4, EV 75.0 MPH)
|
|
Batting: SHB Ramon Martinez
|
0-0: Called Strike 0-1: Swinging Strike 0-2: Ball 1-2: Foul Ball, location: 2F 1-2: Strikes out looking
|
|
Batting: RHB Omar Contreras
|
0-0: Ball 1-0: Called Strike 1-1: Ball 2-1: Foul Ball, location: 2F 2-2: Fly out, F9 (Flyball, 9LM, EV 85.0 MPH)
|
| Top of the 3rd over - 0 runs, 0 hits, 0 errors, 0 left on base; New Orleans 1 - Sacramento 0 |
| BOTTOM OF THE 3RD |
|
Sacramento River Cats batting - Pitching for New Orleans Zephyrs : RHP Ray Duncan
|
|
Batting: SHB Jason Spradling
|
0-0: Called Strike 0-1: Called Strike 0-2: Ball 1-2: Ball 2-2: Strikes out swinging
|
|
Batting: RHB Martin Guerrero
|
0-0: Called Strike 0-1: Ball 1-1: Foul Ball, location: 2F 1-2: Strikes out looking
|
|
Batting: RHB Matt Fenimore
|
0-0: Ball 1-0: Called Strike 1-1: Ball 2-1: Foul Ball, location: 2F 2-2: Foul Ball, location: 2F 2-2: Foul Ball, location: 2F 2-2: Strikes out swinging
|
| Bottom of the 3rd over - 0 runs, 0 hits, 0 errors, 0 left on base; New Orleans 1 - Sacramento 0 |
| TOP OF THE 4TH |
|
New Orleans Zephyrs batting - Pitching for Sacramento River Cats : RHP Tyler Smith
|
|
Batting: RHB Alex Gomez
|
0-0: Called Strike 0-1: Foul Ball, location: 2F 0-2: Ground out 5-3 (Groundball, 56S, EV 87.5 MPH)
|
|
Batting: RHB Jesus Castillo
|
0-0: Ball 1-0: Ball 2-0: Foul Ball, location: 2F 2-1: Ball 3-1: Foul Ball, location: 2F 3-2: Foul Ball, location: 2F 3-2: Ground out 6-3 (Groundball, 6, EV 98.8 MPH)
|
|
Batting: LHB Gustavo Patella
|
0-0: Ball 1-0: Ball 2-0: Ball 3-0: Called Strike 3-1: SOLO HOME RUN (Line Drive, 9D, EV 100.0 MPH), Distance : 388 ft
|
|
Batting: RHB Kyle Ashton
|
0-0: Swinging Strike 0-1: Ball 1-1: Ground out U3 (Groundball, 34, EV 88.8 MPH)
|
| Top of the 4th over - 1 run, 1 hit, 0 errors, 0 left on base; New Orleans 2 - Sacramento 0 |
| BOTTOM OF THE 4TH |
|
Sacramento River Cats batting - Pitching for New Orleans Zephyrs : RHP Ray Duncan
|
|
Batting: SHB Danny Garcia
|
0-0: Foul Ball, location: 2F 0-1: Swinging Strike 0-2: Ball 1-2: Foul Ball, location: 2F 1-2: Ground out 4-3 (Groundball, 4, EV 83.1 MPH)
|
|
Batting: RHB Hugo Zacarias
|
0-0: Ball 1-0: Ball 2-0: Swinging Strike 2-1: Foul Ball, location: 2F 2-2: Foul Ball, location: 2F 2-2: Foul Ball, location: 2F 2-2: Ball 3-2: SINGLE (Groundball, 5, EV 106.9 MPH)
|
|
Batting: RHB Jason Gress
|
0-0: Ball 1-0: Fielders Choice at 2nd, 1-4 (Groundball, 15S, EV 71.2 MPH)
|
|
Batting: RHB Nate Hodson
|
0-0: Ball 1-0: Called Strike 1-1: Ball 2-1: Ball 3-1: DOUBLE (Line Drive, 89XD, EV 103.8 MPH) Jason Gress to third
|
|
Batting: LHB Dave Talbert
|
0-0: Swinging Strike Passed Ball! Jason Gress scores Nate Hodson to third 0-1: Ball 1-1: Fly out, F7 (Flyball, 7, EV 91.9 MPH)
|
| Bottom of the 4th over - 1 run, 2 hits, 0 errors, 1 left on base; New Orleans 2 - Sacramento 1 |
| TOP OF THE 5TH |
|
New Orleans Zephyrs batting - Pitching for Sacramento River Cats : RHP Tyler Smith
|
|
Batting: RHB Katsutaka Inouye
|
0-0: Ball 1-0: Called Strike 1-1: Ball 2-1: Ball 3-1: Base on Balls
|
|
Batting: RHB Humberto Oros
|
0-0: Ball 1-0: SINGLE (Groundball, 56, EV 96.9 MPH) Katsutaka Inouye to second
|
|
Batting: RHB John Jackson
|
0-0: Called Strike 0-1: Ball 1-1: Fly out, F9 (Line Drive, 9, EV 86.9 MPH)
|
|
Batting: SHB Ramon Martinez
|
0-0: Ball 1-0: Ball 2-0: Ball 3-0: Called Strike 3-1: Fielders Choice at 2nd, 1-6 (Groundball, 23, EV 71.9 MPH) Katsutaka Inouye to third
|
|
Batting: RHB Omar Contreras
|
0-0: Called Strike 0-1: Ground out 4-3 (Groundball, 34, EV 86.2 MPH)
|
| Top of the 5th over - 0 runs, 1 hit, 0 errors, 2 left on base; New Orleans 2 - Sacramento 1 |
| BOTTOM OF THE 5TH |
|
Sacramento River Cats batting - Pitching for New Orleans Zephyrs : RHP Ray Duncan
|
|
Batting: LHB Juan Gonzalez
|
0-0: Ball 1-0: Swinging Strike 1-1: Ball 2-1: Ball 3-1: Base on Balls
|
|
Batting: SHB Jason Spradling
|
0-0: Ball 1-0: Ball 2-0: Called Strike 2-1: Fly out, F7 (Line Drive, 7, EV 85.6 MPH)
|
|
Batting: RHB Martin Guerrero
|
0-0: Ball 1-0: Ball 2-0: Called Strike 2-1: Ball 3-1: Foul Ball, location: 2F 3-2: Foul Ball, location: 2F 3-2: Foul Ball, location: 2F 3-2: Base on Balls Juan Gonzalez to second
|
|
Batting: RHB Matt Fenimore
|
0-0: Called Strike 0-1: Ball 1-1: Swinging Strike 1-2: Ball 2-2: Fly out, F8 (Flyball, 8RD, EV 103.1 MPH)
|
|
Batting: SHB Danny Garcia
|
0-0: Ball 1-0: Foul Ball, location: 2F 1-1: Ball 2-1: Ball 3-1: Foul Ball, location: 2F 3-2: SINGLE (Groundball, 15S, EV 70.6 MPH) (infield hit) Juan Gonzalez to third Martin Guerrero to second
|
|
Batting: RHB Hugo Zacarias
|
0-0: Ground out 5-3 (Groundball, 56S, EV 68.8 MPH)
|
| Bottom of the 5th over - 0 runs, 1 hit, 0 errors, 3 left on base; New Orleans 2 - Sacramento 1 |
| TOP OF THE 6TH |
|
New Orleans Zephyrs batting - Pitching for Sacramento River Cats : RHP Tyler Smith
|
|
Batting: RHB Alex Gomez
|
0-0: Called Strike 0-1: Foul Ball, location: 2F 0-2: Foul Ball, location: 2F 0-2: SINGLE (Groundball, 34S, EV 69.4 MPH) (infield hit)
|
|
Batting: RHB Jesus Castillo
|
0-0: Ball 1-0: Foul Ball, location: 2F 1-1: Foul Ball, location: 2F 1-2: Grounds into double play, 5-4-3 (Groundball, 56S, EV 78.8 MPH)
|
|
Batting: LHB Gustavo Patella
|
0-0: Ball 1-0: Foul Ball, location: 2F 1-1: Swinging Strike 1-2: Strikes out swinging
|
| Top of the 6th over - 0 runs, 1 hit, 0 errors, 0 left on base; New Orleans 2 - Sacramento 1 |
| BOTTOM OF THE 6TH |
|
Sacramento River Cats batting - Pitching for New Orleans Zephyrs : RHP Ray Duncan
|
|
Batting: RHB Jason Gress
|
0-0: Ball 1-0: SOLO HOME RUN (Flyball, 78XD, EV 115.6 MPH), Distance : 451 ft
|
|
Batting: RHB Nate Hodson
|
0-0: Foul Ball, location: 2F 0-1: Ground out 6-3 (Groundball, 6, EV 85.0 MPH)
|
|
Batting: LHB Dave Talbert
|
0-0: Foul Ball, location: 2F 0-1: Fly out, F7 (Flyball, 7, EV 98.1 MPH)
|
|
Batting: LHB Juan Gonzalez
|
0-0: Ball 1-0: Called Strike 1-1: Fly out, F8 (Flyball, 8LD, EV 106.2 MPH)
|
| Bottom of the 6th over - 1 run, 1 hit, 0 errors, 0 left on base; New Orleans 2 - Sacramento 2 |
| TOP OF THE 7TH |
|
New Orleans Zephyrs batting - Pitching for Sacramento River Cats : RHP Tyler Smith
|
|
Pitching: LHP Gael Greene
|
|
|
Batting: RHB Kyle Ashton
|
0-0: Ball 1-0: Ball 2-0: Ball 3-0: Base on Balls
|
|
Batting: RHB Katsutaka Inouye
|
0-0: Bunt missed! 0-1: Ball 1-1: Sac Bunt to 25 - play at first, batter OUT! 5-4 Kyle Ashton to second
|
|
Batting: RHB Humberto Oros
|
0-0: Called Strike 0-1: Foul Ball, location: 2F 0-2: Ball 1-2: Ground out 6-3 (Groundball, 6, EV 106.2 MPH)
|
|
Batting: RHB John Jackson
|
0-0: Ball 1-0: Ball 2-0: Foul Ball, location: 2F 2-1: Swinging Strike 2-2: Ball 3-2: Strikes out looking
|
| Top of the 7th over - 0 runs, 0 hits, 0 errors, 1 left on base; New Orleans 2 - Sacramento 2 |
| BOTTOM OF THE 7TH |
|
Sacramento River Cats batting - Pitching for New Orleans Zephyrs : RHP Ray Duncan
|
|
Batting: SHB Jason Spradling
|
0-0: Ball 1-0: DOUBLE (Line Drive, 5D, EV 94.4 MPH)
|
|
Batting: RHB Martin Guerrero
|
0-0: Called Strike 0-1: Swinging Strike 0-2: Strikes out swinging
|
|
Pitching: RHP Campbell Wagenmakers
|
|
|
Batting: RHB Matt Fenimore
|
0-0: Ball 1-0: Foul Ball, location: 2F 1-1: Called Strike 1-2: Ground out 5-3 (Groundball, 5S, EV 72.5 MPH) Jason Spradling to third
|
|
Batting: SHB Danny Garcia
|
0-0: Ball 1-0: Ball 2-0: Foul Ball, location: 2F 2-1: Foul Ball, location: 2F 2-2: Ball 3-2: Base on Balls
|
|
Batting: RHB Hugo Zacarias
|
0-0: Ball 1-0: Called Strike 1-1: Called Strike 1-2: Ground out 4-3 (Groundball, 4, EV 79.4 MPH)
|
| Bottom of the 7th over - 0 runs, 1 hit, 0 errors, 2 left on base; New Orleans 2 - Sacramento 2 |
| TOP OF THE 8TH |
|
New Orleans Zephyrs batting - Pitching for Sacramento River Cats : LHP Gael Greene
|
|
Batting: SHB Ramon Martinez
|
0-0: Called Strike 0-1: Called Strike 0-2: Ball 1-2: Foul Ball, location: 2F 1-2: Strikes out looking
|
|
Batting: RHB Omar Contreras
|
0-0: Called Strike 0-1: Foul Ball, location: 2F 0-2: Foul Ball, location: 2F 0-2: Ground out 6-3 (Groundball, P, EV 83.1 MPH)
|
|
Batting: RHB Alex Gomez
|
0-0: Ball 1-0: Called Strike 1-1: Swinging Strike 1-2: SINGLE (Groundball, 5D, EV 103.8 MPH)
|
|
Batting: RHB Jesus Castillo
|
0-0: Ball 1-0: Called Strike 1-1: Fielders Choice at 2nd, 5-4 (Groundball, 5L, EV 89.4 MPH)
|
| Top of the 8th over - 0 runs, 1 hit, 0 errors, 1 left on base; New Orleans 2 - Sacramento 2 |
| BOTTOM OF THE 8TH |
|
Sacramento River Cats batting - Pitching for New Orleans Zephyrs : RHP Campbell Wagenmakers
|
|
Batting: RHB Jason Gress
|
0-0: Ball 1-0: Ball 2-0: Ball 3-0: Base on Balls
|
|
Batting: RHB Nate Hodson
|
0-0: Called Strike 0-1: Foul Ball, location: 2F 0-2: Grounds into double play, 6-4-3 (Groundball, 6MD, EV 88.8 MPH)
|
|
Batting: LHB Dave Talbert
|
0-0: Ball 1-0: Called Strike 1-1: Foul Ball, location: 2F 1-2: Foul Ball, location: 2F 1-2: Foul Ball, location: 2F 1-2: Foul Ball, location: 2F 1-2: Strikes out looking
|
| Bottom of the 8th over - 0 runs, 0 hits, 0 errors, 0 left on base; New Orleans 2 - Sacramento 2 |
| TOP OF THE 9TH |
|
New Orleans Zephyrs batting - Pitching for Sacramento River Cats : LHP Gael Greene
|
|
Pitching: RHP Tim Rymut
|
|
|
Batting: LHB Gustavo Patella
|
0-0: Called Strike 0-1: Hit by Pitch
|
|
Batting: RHB Kyle Ashton
|
0-0: Ball 1-0: Sac Bunt to 25 - play at first, batter OUT! 5-4 Gustavo Patella to second
|
|
Batting: RHB Katsutaka Inouye
|
0-0: Ball 1-0: Ball 2-0: Foul Ball, location: 2F 2-1: Foul Ball, location: 2F 2-2: Ball 3-2: Strikes out looking
|
|
Pinch Hitting: LHB Adrian Young
|
0-0: Intentional Walk
|
|
Pinch Runner at 2nd Bill de Jesus:
|
|
|
Batting: RHB John Jackson
|
0-0: Foul Ball, location: 2F 0-1: Called Strike 0-2: Foul Ball, location: 2F 0-2: Ball 1-2: Strikes out swinging
|
| Top of the 9th over - 0 runs, 0 hits, 0 errors, 2 left on base; New Orleans 2 - Sacramento 2 |
| BOTTOM OF THE 9TH |
|
Sacramento River Cats batting - Pitching for New Orleans Zephyrs : RHP Campbell Wagenmakers
|
|
Pitching: RHP Jason Davis
|
|
|
Now at 2B: Bill de Jesus
|
|
|
Now in RF: Adrian Young
|
|
|
Batting: LHB Juan Gonzalez
|
0-0: Ball 1-0: Foul Ball, location: 2F 1-1: Foul Ball, location: 2F 1-2: SINGLE (Flyball, 5D, EV 89.4 MPH)
|
|
Batting: SHB Jason Spradling
|
0-0: Ball 1-0: Foul Ball, location: 2F 1-1: Fly out, F6 (Popup, 6, EV 70.0 MPH)
|
|
Pinch Hitting: LHB Fred Arends
|
0-0: Foul Ball, location: 2F 0-1: SINGLE (Groundball, 3, EV 106.9 MPH) (infield hit) Juan Gonzalez to second
|
|
Pinch Runner at 1st Nick Swank:
|
|
|
Batting: RHB Matt Fenimore
|
0-0: Called Strike 0-1: Ball 1-1: Ball 2-1: Called Strike 2-2: Ball 3-2: Strikes out swinging
|
|
Batting: SHB Danny Garcia
|
0-0: Called Strike 0-1: Swinging Strike 0-2: Foul Ball, location: 2F 0-2: Foul Ball, location: 2F 0-2: Ground out 4-3 (Groundball, 4, EV 84.4 MPH)
|
| Bottom of the 9th over - 0 runs, 2 hits, 0 errors, 2 left on base; New Orleans 2 - Sacramento 2 |
| TOP OF THE 10TH |
|
New Orleans Zephyrs batting - Pitching for Sacramento River Cats : RHP Tim Rymut
|
|
Now in LF: Josh Straub
|
|
|
Now in CF: Hugo Zacarias
|
|
|
Batting: SHB Ramon Martinez
|
0-0: Called Strike 0-1: Ball 1-1: Ball 2-1: Foul Ball, location: 2F 2-2: SINGLE (Groundball, 4MS, EV 70.0 MPH) (infield hit)
|
|
Batting: RHB Omar Contreras
|
0-0: Fielders Choice at 2nd, 6-4 (Groundball, 6, EV 104.4 MPH)
|
|
Batting: RHB Alex Gomez
|
0-0: Called Strike 0-1: Ball 1-1: Called Strike 1-2: Strikes out looking
|
|
Batting: RHB Jesus Castillo
|
0-0: Ball 1-0: Ball 2-0: Ball 3-0: Base on Balls Omar Contreras to second
|
|
Batting: RHB Bill de Jesus
|
0-0: Swinging Strike 0-1: Ball 1-1: SINGLE (Groundball, 34S, EV 69.4 MPH) (infield hit) Omar Contreras to third Jesus Castillo to second
|
|
Batting: RHB Kyle Ashton
|
0-0: Called Strike 0-1: Fielders Choice at 2nd, 5-4 (Groundball, 56, EV 109.4 MPH)
|
| Top of the 10th over - 0 runs, 2 hits, 0 errors, 3 left on base; New Orleans 2 - Sacramento 2 |
| BOTTOM OF THE 10TH |
|
Sacramento River Cats batting - Pitching for New Orleans Zephyrs : RHP Jason Davis
|
|
Pitching: LHP Oscar Patron
|
|
|
Batting: RHB Hugo Zacarias
|
0-0: Swinging Strike 0-1: Foul Ball, location: 2F 0-2: Ball 1-2: Foul Ball, location: 2F 1-2: Foul Ball, location: 2F 1-2: Strikes out swinging, 2-3 out at first.
|
|
Batting: RHB Jason Gress
|
0-0: Called Strike 0-1: Foul Ball, location: 2F 0-2: Ball 1-2: Foul Ball, location: 2F 1-2: SOLO HOME RUN (Flyball, 78XD, EV 115.0 MPH), Distance : 449 ft
|
| Bottom of the 10th over - 1 run, 1 hit, 0 errors, 0 left on base; New Orleans 2 - Sacramento 3 |
| |
|
Game Over ... Sacramento defeats New Orleans, 3 to 2
|
|
|